Map: Orbital Shipyard

Players

MVP

  • Race: Protoss Protoss
  • League: Diamond

ILLBdA - Winner!

  • Race: Protoss Protoss
  • League: Diamond

VOD

Have the link to the VOD?

Description

Time

  • Played on: Dec. 22, 2015, 11:19 a.m.
  • Length: 7:18
Show
View Real Time Build Order
Export as new Build Order

MVP Protoss 

Build Orders: Oracle Opening 

Get SALT Encoding   

  12  0:01  Probe (Chrono Boost)  
  13  0:11  Probe (Chrono Boost)  
  14  0:19  Pylon  
  14  0:22  Probe (Chrono Boost)  
  15  0:37  Probe (Chrono Boost)  
  15  0:39  Gateway  
  15  0:41  Assimilator  
  16  0:47  Assimilator  
  16  0:51  Probe (Chrono Boost)  
  17  1:01  Probe (Chrono Boost)  
  18  1:12  Probe (Chrono Boost), Pylon  
  19  1:22  Probe (Chrono Boost)  
  20  1:26  Cybernetics Core  
  20  1:33  Probe (Chrono Boost)  
  21  1:43  Probe (Chrono Boost)  
  23  1:54  Probe (Chrono Boost)  
  23  2:03  Stargate  
  23  2:05  Mothership Core (Chrono Boost), Warp Gate (Chrono Boost)  
  25  2:23  Nexus  
  25  2:26  Probe (Chrono Boost)  
  26  2:37  Probe  
  27  2:46  Pylon, Oracle (Chrono Boost)  
  27  2:49  Probe  
  31  3:05  Mothership Core  
  31  3:07  Stalker  
  33  3:14  Pylon  
  33  3:19  Pylon  
  30  3:36  Void Ray (Chrono Boost)  
  34  3:43  Stalker  
  28  4:13  Void Ray (Chrono Boost)  
  31  4:20  Probe  
  32  4:37  Mothership Core  
  34  4:39  Stalker  
  36  4:58  Probe  
  37  5:11  Probe  
  37  5:12  Pylon  
  38  5:19  Pylon  
  38  5:21  Pylon  
  34  5:22  Pylon  
  34  5:25  Void Ray (Chrono Boost)  
  37  5:54  Probe  
  38  6:03  Void Ray (Chrono Boost)  
  25  6:39  Assimilator  
Show
View Real Time Build Order
Export as new Build Order

ILLBdA Protoss - Winner!

Build Orders:  

Get SALT Encoding   

  12  0:01  Probe (Chrono Boost)  
  13  0:12  Probe (Chrono Boost)  
  14  0:18  Pylon  
  14  0:23  Probe (Chrono Boost)  
  15  0:36  Probe (Chrono Boost)  
  15  0:38  Gateway  
  16  0:44  Assimilator  
  16  0:48  Probe (Chrono Boost)  
  17  0:56  Pylon  
  17  1:00  Probe (Chrono Boost)  
  18  1:10  Probe (Chrono Boost)  
  19  1:16  Gateway  
  19  1:25  Gateway  
  19  1:35  Cybernetics Core  
  19  1:39  Probe (Chrono Boost)  
  20  1:45  Assimilator  
  20  1:49  Probe (Chrono Boost)  
  21  2:00  Probe (Chrono Boost)  
  22  2:12  Stalker (Chrono Boost)  
  26  2:16  Stalker (Chrono Boost)  
  26  2:22  Warp Gate  
  28  2:23  Stalker (Chrono Boost)  
  28  2:36  Robotics Facility  
  28  2:42  Adept (Chrono Boost)  
  30  2:50  Pylon  
  30  3:09  Adept (Chrono Boost)  
  36  3:21  Adept (Chrono Boost)  
  36  3:28  Mothership Core  
  36  3:32  Adept (Chrono Boost)  
  36  3:34  Stalker (Chrono Boost)  
  38  3:49  Stalker (Chrono Boost)  
  38  3:52  Probe  
  38  4:14  Probe  
  35  4:27  Stalker x2  
  35  4:31  Stalker  
  37  4:41  Pylon  
  37  4:58  Stalker  
  39  5:02  Stalker x2  
  41  5:21  Immortal (Chrono Boost)  
  41  5:23  Stalker  
  41  5:27  Stalker  
  45  5:46  Pylon  
  45  5:58  Stalker  
  47  6:11  Stalker x2  
  51  6:25  Pylon  
  51  6:27  Pylon  
  50  6:37  Pylon  
  50  6:51  Adept  
  50  6:58  Stalker  
Tags
 
Matchup
PvP
Replay Pack
me
Add a new tag
Caveats
  • Supply blocks, unpowered buildings, or Contaminate may cause inaccurate times.
  • Supply counts are checked every 10 seconds.